 Dungeon Crawl Stone Soup version 0.29.0-5-ge4962eb29e (webtiles) character file.

Game seed: 12991500050277782862

59 mora the Sneak (level 3, 0/28 HPs)
             Began as a Demonspawn Brigand on Aug 28, 2022.
             Slain by a gnoll
             ... wielding a +0 whip
              (5 damage)
             ... on level 2 of the Dungeon.
             The game lasted 00:01:18 (1391 turns).

mora the Sneak (Demonspawn Brigand)                 Turns: 1391, Time: 00:01:18

Health: 0/28       AC:  3    Str: 11    XL:     3   Next: 78%
Magic:  3/3        EV: 14    Int: 12    God:
Gold:   62         SH:  4    Dex: 16    Spells: 2/2 levels left

rFire   . . .      SeeInvis .   a - +2 dagger
rCold   . . .      Faith    .   (no shield)
rNeg    . . .      Spirit   .   b - +0 robe
rPois   .          Reflect  .   (no helmet)
rElec   .          Harm     .   c - +0 cloak
rCorr   .          Rampage  .   (no gloves)
Will    .....                   (no boots)
Stlth   +++.......              (no amulet)
HPRegen 0.09/turn               (no ring)
MPRegen 0.08/turn               (no ring)

@: no status effects
A: repulsion field 1, condensation shield
a: no special abilities


You were on level 2 of the Dungeon.
You visited 1 branch of the dungeon, and saw 2 of its levels.

You collected 62 gold pieces.

Inventory:

Hand Weapons
 a - a +2 dagger (weapon)
Missiles
 d - 6 poisoned darts (quivered)
 e - 3 curare-tipped darts
Armour
 b - a +0 robe (worn)
 c - a +0 cloak (worn)
Jewellery
 f - an amulet of reflection
 k - a ring of protection from cold
 m - a +4 ring of evasion
Scrolls
 g - 2 scrolls of identify {unknown}
 i - a scroll of teleportation {unknown}
 l - a scroll of torment {unknown}
Potions
 h - 2 potions of curing {unknown}
 j - a potion of magic {unknown}


   Skills:
 + Level 2.7 Fighting
 + Level 2.3 Short Blades
 + Level 2.4 Throwing
 + Level 1.7 Dodging
 - Level 3.6 Stealth


You had 2 spell levels left.
You didn't know any spells.
Your spell library was empty.

Dungeon Overview and Level Annotations

Branches:
Dungeon (2/15)

Altars:


Innate Abilities, Weirdness & Mutations

You are surrounded by a mild repulsion field. (EV +2)
A meltable shield of frost defends you. (SH +4)


Message History

The gnoll misses you.
You hit the gnoll.
The gnoll is moderately wounded.
The gnoll barely misses you.
You hit the gnoll.
The gnoll is severely wounded.
You barely miss the gnoll.
The gnoll is severely wounded.
You block the gnoll's attack.
You hit the gnoll but do no damage.
The gnoll is severely wounded.
The gnoll hits you with a +0 club.
You barely miss the gnoll.
The gnoll is severely wounded.
The gnoll hits you with a +0 club.
You are too injured to fight recklessly!
You are too injured to fight recklessly!
You hit the gnoll.
You kill the gnoll!
You hit the gnoll.
The gnoll is moderately wounded.
The gnoll hits you with a +0 whip.
You hit the gnoll but do no damage.
The gnoll is moderately wounded.
The gnoll completely misses you.
You hit the gnoll.
The gnoll is heavily wounded.
The gnoll hits you with a +0 whip.
* * * LOW HITPOINT WARNING * * *
You closely miss the gnoll.
The gnoll is heavily wounded.
The gnoll misses you.
Throw: 7 darts (poison)
Press: ? - help, Q - select action, (/) - cycle Shift-Dir - straight line, f - gnoll
Aim: a gnoll, wielding a +0 whip (heavily wounded, 65% to hit)
You throw a poisoned dart. The poisoned dart hits the gnoll.
The gnoll is poisoned.
The gnoll is heavily wounded.
The gnoll hits you with a +0 whip.
You die...

#.............#
#.#...........#
#.#.##...###..#
#.#.##.### #..#
#.#.##..# #..#
#!..###># #..# #...#
#.# #..#
!#####...###.####..#
...(.....g@........#
......#.####.####.##
.###...# #.#
#........ ##.g# #.#
######### #g........
#........##
....##..### #...#
#.# ##.. .#


You could see a gnoll (poisoned).

Vanquished Creatures
  2 gnolls (D:2)
  3 adders (D:2)
  2 endoplasms (D:2)
  A hobgoblin (D:2)
  2 quokkas
  A bat (D:1)
  6 frilled lizards (D:1)
  A rat (D:1)
18 creatures vanquished.

Vanquished Creatures (others)
  2 demonic plants (D:2)
  8 fungi (D:2)
  11 plants
  3 withered plants (D:2)
24 creatures vanquished.

Grand Total: 42 creatures vanquished

Notes
Turn   | Place    | Note
-------+----------+-------------------------------------------
     0 | D:1      | mora the Demonspawn Brigand began the quest for the Orb.
     0 | D:1      | Reached XP level 1. HP: 16/16 MP: 1/1
   305 | D:1      | Reached skill level 1 in Dodging
  1134 | D:2      | Gained mutation: A meltable shield of frost defends you.
                  | (SH +4) [demonic ancestry]
  1134 | D:2      | Reached XP level 2. HP: 20/22 MP: 2/2
  1266 | D:2      | Gained mutation: You are surrounded by a mild repulsion
                  | field. (EV +2) [demonic ancestry]
  1266 | D:2      | Reached XP level 3. HP: 28/28 MP: 3/3
  1391 | D:2      | Slain by a gnoll

Illustrated notes

Levels and vault maps discovered:
D:1:      amcnicky_arrival_abandoned_market, layout_basic,
          minmay_misc_feat_encased, minmay_lizard_king
D:2:      minmay_diamond_boxcup, layout_loops_ring, serial_shops, shop,
          shapermc_ecumenical_altar_gd, serial_park_tiny_2, minmay_bisected

Skill      XL: |  1 |
---------------+----+-----
Dodging        | 1 |  1.7
Short Blades   | 2 |  2.3
Throwing       | 2 |  2.4
Fighting       | |  2.7
Stealth        | |  3.6

Action                   || total
-------------------------++-------
Melee: Dagger            ||    54
Throw: Dart              ||     3
 Stab: Sleeping          ||     3
Armor: Robe              ||     6
Dodge: Dodged            ||    21
Block: Other             ||     2
